 Dungeon Crawl Stone Soup version 0.30-a0-772-g5528072 (webtiles) character file.

Game seed: 15655446175585079362

99447 malesh the Gelid (level 16, -6/120 HPs)
             Began as a Merfolk Ice Elementalist on Feb 8, 2023.
             Was a High Priest of Vehumet.
             Mangled by a demonic crawler (13 damage)
             ... on level 2 of the Spider Nest on Feb 12, 2023.
             The game lasted 02:37:52 (26810 turns).

malesh the Gelid (Merfolk Ice Elementalist)        Turns: 26810, Time: 02:37:52

Health: -6/120     AC: 12    Str: 12    XL:     16   Next: 25%
Magic:  29/35      EV: 17    Int: 21    God:    Vehumet [*****.]
Gold:   1747       SH:  4    Dex: 15    Spells: 16/45 levels left

rFire   + . .      SeeInvis +    a - +5 trident (drain)
rCold   . . .      Faith    .    k - +0 buckler
rNeg    . . .      Spirit   .    J - +0 troll leather armour
rPois   +          Reflect  .    (helmet restricted)
rElec   .          Harm     .    q - +2 cloak
rCorr   .          Rampage  .    (no gloves)
Will    +....                    s - +1 pair of boots of Bihys {rF+ Str+3}
Stlth   ++                       P - amulet of the acrobat
HPRegen 1.20/turn                f - ring of poison resistance
MPRegen 0.24/turn                n - ring of see invisible

@: about to teleport, freezing walls, studying Armour
A: (nimble swimmer 2), mertail, antennae 1, iridescent scales 1
a: Renounce Religion


You were on level 2 of the Spider Nest.
You worshipped Vehumet.
Vehumet was extremely pleased with you.
You visited 5 branches of the dungeon, and saw 21 of its levels.
You also visited: Sewer.

You collected 2522 gold pieces.
You spent 775 gold pieces at shops.

Inventory:

Hand Weapons
 a - a +5 trident of draining (weapon)
 b - a +0 scimitar of flaming
 K - the +8 hand axe "Orb Guardian's Curse" {holy, Int+3}
   (You found it on level 10 of the Dungeon)

   Int:       It affects your intelligence (+3).
Armour
 k - a +0 buckler (worn)
 q - a +2 cloak (worn)
 s - the +1 pair of boots of Bihys (worn) {rF+ Str+3}
   (You acquired it on level 10 of the Dungeon)

   Str:       It affects your strength (+3).
   rF:        It protects you from fire.
 v - the +4 pair of gloves of Juewoer {rN+ Int+4 Dex+4}
   (You found it on level 4 of the Lair of Beasts)

   Int:       It affects your intelligence (+4).
   Dex:       It affects your dexterity (+4).
   rN:        It protects you from negative energy.
 H - a +1 robe of cold resistance
 J - a +0 troll leather armour (worn)
 O - a +2 robe of fire resistance
Jewellery
 f - a ring of poison resistance (left hand)
 n - a ring of see invisible (right hand)
 P - an amulet of the acrobat (around neck)
Wands
 o - a wand of iceblast (7)
 p - a wand of flame (13)
 B - a wand of acid (5)
 C - a wand of digging (16)
Scrolls
 c - 9 scrolls of teleportation
 g - 4 scrolls of vulnerability
 h - a scroll of enchant weapon
 l - a scroll of blinking
 m - 2 scrolls of butterflies
 r - 4 scrolls of identify
 t - 4 scrolls of magic mapping
 z - 4 scrolls of fear
 D - a scroll of poison
 I - 2 scrolls of fog
Potions
 d - a potion of flight
 e - 4 potions of curing
 i - 6 potions of magic
 j - 3 potions of cancellation
 u - a potion of brilliance {unknown}
 G - 5 potions of haste
 L - 2 potions of attraction


   Skills:
 + Level 9.0 Fighting
 - Level 1.5 Long Blades
 + Level 12.8 Polearms
 - Level 3.7 Armour
 + Level 12.2 Dodging
 - Level 3.0 Stealth
 + Level 1.7 Shields
 + Level 15.2 Spellcasting
 - Level 2.0 Conjurations
 - Level 6.5 Summonings
 + Level 4.3 Transmutations
 + Level 16.6 Ice Magic
 - Level 2.3 Air Magic
 + Level 3.5 Poison Magic


You had 16 spell levels left.
You knew the following spells:

 Your Spells              Type           Power      Damage    Failure   Level
a - Freeze                Ice            100%       1d10      0%          1
b - Frozen Ramparts       Ice            100%       1d16      0%          3
c - Ozocubu's Armour      Ice            72%        N/A       1%          3
d - Summon Ice Beast      Ice/Summ       59%        N/A       1%          4
e - Mephitic Cloud        Conj/Pois/Air  27%        N/A       1%          3
f - Freezing Cloud        Conj/Ice/Air   22%        6-21      3%          5
g - Eringya's Noxious Bo  Tmut/Pois      16%        N/A       43%         6
h - Summon Lightning Spi  Summ/Air       34%        N/A       11%         4

Your spell library contained the following spells:

 Spells                   Type           Power      Damage    Failure   Level
 Ozocubu's Refrigeration  Ice            36%        4d15      1%          7
 Sandblast                Erth           30%        2d9       1%          1
 Summon Small Mammal      Summ           100%       N/A       1%          1
 Momentum Strike          Conj/Tloc      40%        3d9       1%          2
 Static Discharge         Conj/Air       50%        2-5/arc   1%          2
 Call Canine Familiar     Summ           43%        N/A       1%          3
 Stone Arrow              Conj/Erth      40%        3d9       3%          3
 Passwall                 Tmut/Erth      20%        N/A       4%          2
 Summon Guardian Golem    Hex/Summ       29%        N/A       5%          3
 Necrotise                Necr           60%        1d7       7%          1
 Blink                    Tloc           30%        N/A       10%         2
 Lesser Beckoning         Tloc           30%        N/A       10%         2
 Vhi's Electric Charge    Tloc/Air       40%        N/A       12%         3
 Arcjolt                  Conj/Air       12%        1d22      19%         5
 Lightning Bolt           Conj/Air       12%        1d26      19%         5
 Gell's Gravitas          Tloc           15%        N/A       21%         3
 Teleport Other           Tloc           15%        N/A       21%         3
 Vampiric Draining        Necr           15%        2d7       21%         3
 Agony                    Necr           15%        N/A       88%         5
 Spellforged Servitor     Conj/Summ      16%        N/A       90%         7
 Orb of Destruction       Conj           12%        9d7       99%         7
 Storm Form               Tmut/Air       15%        N/A       100%        7
 Borgnjor's Revivificati  Necr           7%         N/A       100%        8
 Maxwell's Capacitive Co  Air            12%        ∞         100%        8
 Necromutation            Tmut/Necr      12%        N/A       100%        8
 Death's Door             Necr           7%         N/A       100%        9


Dungeon Overview and Level Annotations

Branches:
Dungeon (10/15)            Temple (1/1) D:4            Lair (5/5) D:9
 Shoals (0/4) Lair:2       Spider (3/4) Lair:3        Slime (0/5) Lair:5
    Orc (2/2) D:10            Elf (0/3) Orc:2         Sewer (visited)

Altars:
Ashenzari
Cheibriados
Dithmenos
Elyvilon
Fedhas
Gozag
Hepliaklqana
Kikubaaqudgha
Makhleb
Nemelex Xobeh
Okawaru
Qazlal
Ru
Sif Muna
Trog
Uskayaw
Vehumet
Wu Jian
Xom
Yredelemnul
Zin
The Shining One

Shops:
D:8 *   D:9 :   Orc:2 [=*(

Annotations:
Lair:1 1 runed translucent door, Dega's ghost, journeyman SpHu
Lair:2 Fannar
Lair:5 1 runed translucent door


Innate Abilities, Weirdness & Mutations

((You are very nimble when in or above water. (Stealth+, EV+, Speed+++)))
Your lower body shifts to a powerful aquatic tail in water.
You have a pair of small antennae on your head.
You are partially covered in iridescent scales. (AC +2)


Message History

Press: ? - help, Dir - look around, f - activate The walls around you are covered in ice.
The wall freezes the demonic crawler.
The steelbarb worm is engulfed in poison gas.
The steelbarb worm looks as sick as possible!
Casting: Frozen Ramparts (safe; 0% risk of failure)
Confirm with . or Enter, or press ? or * to list all spells.
A chill wind blows around you.
The wall freezes the demonic crawler but does no damage.
The demonic crawler closely misses you.
The demonic crawler hits you but does no damage. x2
The steelbarb worm is engulfed in poison gas.
The steelbarb worm looks as sick as possible!
You hit the demonic crawler but do no damage.
The wall freezes the demonic crawler.
The demonic crawler hits you.
* * * LOW HITPOINT WARNING * * *
The demonic crawler hits you.
* * * LOW HITPOINT WARNING * * *
You block the demonic crawler's attack.
The steelbarb worm is engulfed in poison gas.
The steelbarb worm looks as sick as possible!
You barely miss the demonic crawler.
The wall freezes the demonic crawler.
The demonic crawler misses you. You block the demonic crawler's attack.
The demonic crawler misses you.
The steelbarb worm is engulfed in poison gas.
The steelbarb worm looks as sick as possible!
As you read the scroll of teleportation, it crumbles to dust.
You feel strangely unstable.
The wall freezes the demonic crawler but does no damage.
You block the demonic crawler's attack. x2
The demonic crawler completely misses you.
The steelbarb worm is engulfed in poison gas.
The steelbarb worm looks as sick as possible!
You puncture the demonic crawler!
The demonic crawler is lightly wounded.
The wall freezes the demonic crawler.
You block the demonic crawler's attack. The demonic crawler hits you.
* * * LOW HITPOINT WARNING * * *
The demonic crawler hits you!
You die...

######...#....# ###....#
###......§°§§○°## ##....!.#
.........§°☼§§§### ##.......#
.........☼§§°○§°§## ##........#
.........°§§§○§☼§☼# #.........#
.........☼○°☼°§§§§# #..........
.........§§°°°§§°## #..........
.........§§○§°☼○Y# ##.........
#..............#@## #........#
##............##§s### ##...^...#
##..........####§§○######......#
###.......### #☼§§§○....#######
##..##....## ##§§§§☼####......#
..#####..## ##.°§§§w..######...
.## #### ##..☼§○°°>†.# #### ##
#...§§○§§§☼.## #
##............##


You could see a steelbarb worm (confused, extremely poisoned), a demonic crawler
(ally target) and a friendly ice beast (summoned).

Vanquished Creatures
  Rupert (Lair:5)
  Jorgrun (Spider:1)
  An emperor scorpion (Spider:2)
  2 broodmothers (Spider:1)
  An ettin (Orc:2)
  Josephine (Spider:1)
  2 entropy weavers (Spider:2)
  6 hydras
  3 radroaches
  Erica (Lair:2)
  A jorogumo (Spider:2)
  A two-headed ogre (D:9)
  3 boulder beetles
  4 orc high priests
  2 pharaoh ants
  3 orb spiders (Spider:2)
  2 sun moths (Spider:1)
  A lindwurm (Lair:5)
  2 orc knights (Orc:2)
  2 steelbarb worms (Spider:1)
  A harpy (Lair:2)
  A deep elf pyromancer (D:8)
  7 wolf spiders
  3 orc sorcerers
  A moth of wrath (Spider:1)
  7 elephants
  8 black mambas
  2 demonic crawlers
  12 cane toads
  A guardian serpent (Lair:5)
  Maggie (Lair:2)
  4 rime drakes
  7 torpor snails
  2 kobold demonologists
  2 komodo dragons
  5 trolls
  4 polar bears
  3 meliai (Spider:2)
  3 tyrant leeches (Lair:5)
  7 hornets (Lair:5)
  11 blink frogs
  8 tarantellas
  2 slime creatures (D:8)
  13 jumping spiders
  7 culicivoras
  Sigmund (D:3)
  A centaur simulacrum (D:10)
  14 wyverns
  5 wraiths
  38 yaks
  A vampire (D:9)
  6 basilisks
  19 redbacks
  A steam dragon (D:7)
  A warg (Orc:2)
  An acid dragon (D:10)
  22 water moccasins
  22 orc warriors
  A sky beast (D:6)
  5 ice beasts
  4 black bears
  4 ogres
  4 wolves
  A kobold brigand (D:8)
  2 phantoms
  3 centaurs
  14 bullfrogs
  A necrophage (D:4)
  A gnoll sergeant (D:10)
  3 scorpions
  5 wights
  11 killer bees
  An electric eel (D:10)
  2 howler monkeys
  10 orc priests
  2 jellies (D:6)
  4 hounds
  A gnoll bouda (D:5)
  3 iguanas
  22 orc wizards
  7 hell rats
  Robin (D:3)
  11 gnolls
  8 adders
  A shadow imp (D:6)
  5 white imps
  6 ufetubi
  2 worms
  3 dart slugs
  58 orcs
  8 ball pythons
  A bat (D:1)
  11 endoplasms
  7 giant cockroaches
  15 goblins
  8 hobgoblins
  2 jackals (D:4)
  16 kobolds
  9 quokkas
  13 frilled lizards
  4 rats
594 creatures vanquished.

Vanquished Creatures (collateral kills)
  An orc warlord (Orc:2)
  Snorg (Lair:5)
  2 entropy weavers
  2 hydras
  A radroach (Spider:1)
  A death yak (D:9)
  An orc high priest (Orc:2)
  A pharaoh ant (Spider:1)
  A sun moth (Spider:1)
  An orb spider (Spider:1)
  A lindwurm (Lair:5)
  A harpy (Lair:2)
  2 wolf spiders
  2 elephants (Lair:1)
  A manticore (Lair:4)
  3 demonic crawlers
  3 cane toads
  A black mamba (Lair:2)
  3 rime drakes (Lair:4)
  4 komodo dragons
  3 hornets
  2 polar bears
  2 tarantellas
  A queen bee (Spider:2)
  5 blink frogs
  3 jumping spiders
  2 culicivoras
  3 wyverns
  A wraith (Spider:1)
  13 yaks
  A basilisk (Lair:3)
  4 redbacks
  A warg (Orc:2)
  An acid dragon (D:10)
  3 water moccasins
  An ice beast (D:10)
  4 orc warriors
  A black bear (D:9)
  An ogre (D:7)
  A wolf (Lair:4)
  2 bullfrogs (Lair:4)
  A kobold brigand (D:9)
  A necrophage (D:7)
  3 wights
  4 killer bees
  2 orc priests (Orc:1)
  An orc wizard (D:10)
  3 hell rats
  A gnoll (D:10)
  10 orcs
  2 butterflies
116 creatures vanquished.

Vanquished Creatures (others)
  A kobold (D:8)
  106 fungi
  145 plants
252 creatures vanquished.

Grand Total: 962 creatures vanquished

Notes
Turn   | Place    | Note
-------+----------+-------------------------------------------
     0 | D:1      | malesh the Merfolk Ice Elementalist began the quest for the
                  | Orb.
     0 | D:1      | Reached XP level 1. HP: 13/13 MP: 3/3
   155 | D:1      | Reached XP level 2. HP: 19/19 MP: 0/5
   428 | D:1      | Reached skill level 5 in Ice Magic
   636 | D:1      | Reached XP level 3. HP: 20/24 MP: 3/6
  1234 | D:2      | Learned a level 3 spell: Frozen Ramparts
  1828 | D:2      | Learned a level 3 spell: Ozocubu's Armour
  2226 | D:3      | Noticed Sigmund
  2273 | D:3      | Reached XP level 4. HP: 30/30 MP: 4/7
  3275 | D:3      | Noticed Robin
  3285 | D:3      | Killed Robin
  3625 | D:4      | Reached XP level 5. HP: 35/35 MP: 7/9
  3643 | D:4      | Reached skill level 6 in Ice Magic
  3739 | D:4      | Found a glowing drain.
  3750 | Sewer    | Entered a sewer
  4110 | Sewer    | Reached XP level 6. HP: 33/41 MP: 5/11
  4362 | D:4      | Found a bloodstained altar of Trog.
  4397 | D:4      | Found a burning altar of Makhleb.
  4399 | D:4      | Found a stormy altar of Qazlal.
  4401 | D:4      | Found an ancient bone altar of Kikubaaqudgha.
  4402 | D:4      | Found a shimmering altar of Xom.
  4497 | D:4      | Found a staircase to the Ecumenical Temple.
  4506 | Temple   | Entered the Ecumenical Temple
  4528 | Temple   | Became a worshipper of Vehumet
  4541 | D:4      | Learned a level 4 spell: Summon Ice Beast
  4682 | D:4      | Reached skill level 7 in Ice Magic
  4682 | D:4      | Reached XP level 7. HP: 46/47 MP: 13/13
  4737 | D:4      | Reached skill level 1 in Long Blades
  4935 | D:5      | Entered Level 5 of the Dungeon
  5337 | D:5      | Reached skill level 1 in Fighting
  5337 | D:5      | Reached skill level 5 in Spellcasting
  5787 | D:5      | Gained mutation: You have a pair of small horns on your
                  | head. [potion of mutation]
  5787 | D:5      | Lost mutation: You have a pair of small horns on your head.
                  | [potion of mutation]
  5787 | D:5      | Gained mutation: You are frail. (-10% HP) [potion of
                  | mutation]
  5787 | D:5      | Gained mutation: You expend magic power (3 MP) to
                  | strengthen your wands. [potion of mutation]
  5815 | D:5      | HP: 1/43 [something/magic dart (6)]
  5870 | D:5      | Reached XP level 8. HP: 20/48 MP: 11/16
  6357 | D:5      | Lost mutation: You are frail. (-10% HP) [potion of
                  | mutation]
  6357 | D:5      | Lost mutation: You expend magic power (3 MP) to strengthen
                  | your wands. [potion of mutation]
  6357 | D:5      | Gained mutation: You are partially covered in iridescent
                  | scales. (AC +2) [potion of mutation]
  6357 | D:5      | Gained mutation: You have a pair of small antennae on your
                  | head. [potion of mutation]
  6419 | D:6      | Found a white marble altar of Elyvilon.
  6458 | D:6      | Reached * piety under Vehumet
  6458 | D:6      | Offered knowledge of Shock by Vehumet.
  6581 | D:6      | Noticed a wraith
  6587 | D:6      | Reached skill level 1 in Polearms
  6587 | D:6      | Reached skill level 1 in Summonings
  6592 | D:6      | Reached skill level 8 in Ice Magic
  7406 | D:6      | Reached XP level 9. HP: 59/59 MP: 14/18
  7909 | D:7      | Reached skill level 9 in Ice Magic
  7929 | D:7      | Noticed a hornet
  7941 | D:7      | Killed a hornet
  7942 | D:7      | Reached skill level 5 in Dodging
  8343 | D:7      | Noticed a hornet
  8351 | D:7      | Killed a hornet
  8417 | D:7      | Found a large runed translucent door.
  8417 | D:7      | Found a large runed translucent door.
  8418 | D:7      | Found a shimmering blue altar of Sif Muna.
  8994 | D:7      | Found an opulent altar of Gozag.
  9026 | D:7      | Found a glowing silver altar of Zin.
  9057 | D:7      | Found a blossoming altar of Fedhas.
  9101 | D:7      | Found a sacrificial altar of Ru.
  9122 | D:8      | Reached ** piety under Vehumet
  9122 | D:8      | Offered knowledge of Foxfire by Vehumet.
  9169 | D:8      | Found a sparkling altar of Nemelex Xobeh.
  9179 | D:8      | Reached skill level 10 in Ice Magic
  9179 | D:8      | Reached XP level 10. HP: 67/67 MP: 19/21
  9656 | D:8      | Found Ulaor's General Store.
  9668 | D:8      | Bought a potion of haste for 140 gold pieces
  9668 | D:8      | Bought a scroll of enchant armour for 105 gold pieces
  9938 | D:3      | Killed Sigmund
 10384 | D:8      | Offered knowledge of Mephitic Cloud by Vehumet.
 10391 | D:8      | Learned a level 3 spell: Mephitic Cloud
 10548 | D:8      | Noticed a deep elf pyromancer
 10551 | D:8      | Killed a deep elf pyromancer
 10686 | D:9      | Found Tiun's Book Shoppe.
 10707 | D:9      | Reached skill level 5 in Polearms
 10958 | D:9      | Found a staircase to the Lair.
 11005 | D:9      | Noticed a kobold demonologist
 11008 | D:9      | Reached skill level 11 in Ice Magic
 11015 | D:9      | Killed a kobold demonologist
 11157 | D:9      | Reached *** piety under Vehumet
 11166 | D:9      | Reached XP level 11. HP: 65/74 MP: 18/24
 11238 | D:9      | Noticed a two-headed ogre
 11247 | D:9      | Killed a two-headed ogre
 11359 | D:9      | Offered knowledge of Dazzling Flash by Vehumet.
 11903 | D:10     | Entered Level 10 of the Dungeon
 12095 | D:10     | Reached skill level 10 in Spellcasting
 12261 | D:10     | Noticed a death yak
 12294 | D:9      | Killed a death yak
 12295 | D:9      | Reached skill level 12 in Ice Magic
 12604 | D:10     | Reached skill level 1 in Air Magic
 12689 | D:10     | Found an iron altar of Okawaru.
 12693 | D:10     | Identified the +8 hand axe "Orb Guardian's Curse" {holy,
                  | Int+3}
 12745 | D:10     | Reached **** piety under Vehumet
 12787 | D:10     | Offered knowledge of Fulminant Prism by Vehumet.
 13361 | D:10     | Reached skill level 5 in Summonings
 13409 | D:10     | Found a staircase to the Orcish Mines.
 13643 | D:10     | Identified a scroll of acquirement
 13647 | D:10     | Acquired the +1 pair of boots of Bihys {rF+ Str+3}
 13803 | Lair:1   | Entered Level 1 of the Lair of Beasts
 13864 | Lair:1   | Reached XP level 12. HP: 39/83 MP: 3/26
 14133 | Lair:1   | Reached skill level 1 in Armour
 14194 | Lair:1   | Reached skill level 13 in Ice Magic
 14252 | Lair:1   | Found a runed translucent door.
 14279 | Lair:1   | Noticed Dega's ghost (journeyman SpHu)
 14294 | Lair:1   | Found a glowing silver altar of Zin.
 14640 | Lair:1   | Identified the +6 spear of Fedhas's Generosity {freeze,
                  | rElec Str+3 Int+6 Stlth+}
 15010 | Lair:2   | Noticed Maggie
 15030 | Lair:2   | Reached ***** piety under Vehumet
 15030 | Lair:2   | Offered knowledge of Freezing Cloud by Vehumet.
 15033 | Lair:2   | Noticed Fannar
 15033 | Lair:2   | Killed Maggie
 15048 | Lair:1   | Learned a level 5 spell: Freezing Cloud
 15177 | Lair:2   | Identified the +0 leather armour of the Midnight Sun {rC-
                  | Str+4 Dex+3}
 15289 | Lair:2   | Noticed Erica
 15299 | Lair:2   | Killed Erica
 15450 | Lair:2   | Found a staircase to the Shoals.
 15863 | Lair:3   | Found a hole to the Spider Nest.
 15863 | Lair:3   | Noticed a six-headed hydra
 15879 | Lair:3   | Killed a four-headed hydra
 15880 | Lair:3   | Reached XP level 13. HP: 53/90 MP: 15/29
 16213 | Lair:3   | Reached skill level 14 in Ice Magic
 16947 | Lair:4   | Reached skill level 5 in Fighting
 17600 | Lair:4   | Offered knowledge of Eringya's Noxious Bog by Vehumet.
 17832 | Lair:4   | Identified the +4 pair of gloves of Juewoer {rN+ Int+4
                  | Dex+4}
 18257 | Lair:4   | Reached skill level 10 in Polearms
 18332 | Lair:5   | Entered Level 5 of the Lair of Beasts
 18335 | Lair:5   | Noticed Snorg
 18385 | Lair:5   | Found a staircase to the Slime Pits.
 18472 | Lair:5   | Killed Snorg
 18634 | Lair:5   | Reached skill level 10 in Dodging
 18666 | Lair:5   | Reached XP level 14. HP: 98/100 MP: 25/31
 18784 | Lair:5   | Identified the +1 quarterstaff of the Evil Eye {heavy, rF+
                  | rCorr}
 19464 | Lair:5   | Reached skill level 15 in Ice Magic
 19818 | Lair:5   | Learned a level 6 spell: Eringya's Noxious Bog
 19843 | Lair:5   | Offered knowledge of Iron Shot by Vehumet.
 20123 | Lair:5   | Found a runed translucent door.
 20184 | Lair:5   | Noticed Rupert
 20198 | Lair:5   | Reached skill level 1 in Poison Magic
 20199 | Lair:5   | Reached skill level 1 in Transmutations
 20207 | Lair:5   | Killed Rupert
 20681 | Orc:1    | Entered Level 1 of the Orcish Mines
 21131 | Orc:2    | Entered Level 2 of the Orcish Mines
 21175 | Orc:2    | Found Oruysung's Antique Weapon Shop.
 21422 | Orc:2    | Reached XP level 15. HP: 64/110 MP: 27/33
 21562 | Orc:2    | Found Diazits's General Store.
 21564 | Orc:2    | Noticed an orc warlord
 21609 | Orc:2    | Killed an orc warlord
 21889 | Orc:2    | Bought a scroll of enchant weapon for 97 gold pieces
 21889 | Orc:2    | Bought a scroll of teleportation for 39 gold pieces
 22113 | Orc:2    | Found a staircase to the Elven Halls.
 22157 | Orc:2    | Found Uthrati's Antique Armour Shoppe.
 22224 | Orc:2    | Bought a buckler for 139 gold pieces
 22244 | Orc:2    | Found Uvieneix's Jewellery Shop.
 22252 | Orc:2    | Bought a ring of see invisible for 255 gold pieces
 22692 | Spider:1 | Entered Level 1 of the Spider Nest
 22751 | Spider:1 | Offered knowledge of Lee's Rapid Deconstruction by Vehumet.
 23103 | Spider:1 | Upgraded the game from 0.30-a0-743-gbfdf073 to
                  | 0.30-a0-772-g5528072
 23114 | Spider:1 | Reached skill level 1 in Conjurations
 23250 | Spider:1 | HP: 5/112 [radroach (14)]
 23743 | Spider:1 | Reached skill level 16 in Ice Magic
 23794 | Spider:1 | Noticed Jorgrun
 23821 | Spider:1 | Killed Jorgrun
 24486 | Spider:1 | Reached skill level 1 in Shields
 24805 | Spider:1 | Noticed Josephine
 24810 | Spider:1 | Killed Josephine
 25522 | Spider:2 | Reached skill level 15 in Spellcasting
 25522 | Spider:2 | Reached XP level 16. HP: 106/119 MP: 27/35
 25698 | Spider:2 | Offered knowledge of Ozocubu's Refrigeration by Vehumet.
 26660 | Spider:2 | Learned a level 4 spell: Summon Lightning Spire
 26797 | Spider:2 | HP: 6/120 [steelbarb worm (1)]
 26810 | Spider:2 | Mangled by a demonic crawler

Illustrated notes

Levels and vault maps discovered:
D:1:      lemuel_arrival_muddy, layout_basic
D:2:      minmay_general_purpose_star, layout_basic
D:3:      layout_basic, st_stairs_7, serial_bayou_ford_a, minmay_crystal_room,
          kennysheep_flooded_box, serial_bayou_crossing, uniq_sigmund,
          uniq_robin
D:4:      layout_basic, grunt_temple_overflow_open,
          minmay_temple_entry_poolview, portal_sewer_entry_d
D:5:      layout_basic
D:6:      layout_loops_ring, mainiacjoe_overflow_small_starburst,
          mrwooster_statue_mirror, minmay_manual_mess
D:7:      layout_cave_pools, pdpol_temple_overflow_zin_treasury_gozag_greed,
          nicolae_sif_muna_condensation, jmf_multi_god_temple2,
          roderic_lattice_a
D:8:      minmay_cornered_nines, layout_loops_ring,
          nemelex_xobeh_ov_fountains_minmay, serial_shops, nicolae_shop_trees
D:9:      layout_small_grid, due_lair_maze_entry_diamond, serial_shops,
          nicolae_square_shop
D:10:     layout_roguey, okawaru_ov_weapons_minmay, hiddenorc1_lemuel,
          serial_ice, serial_ice_o, serial_ice_i, serial_ice_n, serial_ice_d,
          serial_ice_h
Temple:   hellmonk_temple_rainy
Lair:1:   layout_hall_layers, basic_altar, ebering_ghost_funeral_grove,
          beast_lair_carwin_10
Lair:2:   layout_roguey, nicolae_shoals_entry_roost, uniq_maggie, uniq_fannar,
          uniq_erica
Lair:3:   layout_roguey, spider_nest_entry_funnel_web
Lair:4:   layout_roguey [special_room_mythical_zoo], gauntlet_entry_generic,
          lemuel_fruit_fields
Lair:5:   hangedman_lair_tendril_chambers, layout_gridlike, wormcave,
          slime_entry_1, lemuel_fruit_fields, uniq_rupert, uniq_snorg
Spider:1: layout_chambers, nicolae_spider_solar_radiation, uniq_josephine,
          uniq_jorgrun
Spider:2: layout_cave_pods, nicolae_looking_at_the_future
Spider:3: layout_spider_delve, nicolae_spider_circle_web, uniq_asterion
Orc:1:    layout_caves, basic_altar
Orc:2:    grunt_orc_gardens, layout_diamond_mine, grunt_orc_garden,
          grunt_orc_garden, grunt_orc_garden, grunt_orc_garden

Skill      XL: |  1  2  3  4  5  6  7  8  9 10 11 12 13 14 15 16 |
---------------+-------------------------------------------------+-----
Ice Magic      | 5 6 7 8 10 11 12 13 14 15 16 | 16.6
Spellcasting   | 3 4 5 6 7 9 10 12 13 14 15 | 15.2
Dodging        | 3 4 5 6 7 8 10 11 12 | 12.2
Long Blades    | 1 |  1.5
Fighting       | 1 2 3 4 6 7 8 9 |  9.0
Stealth        | 3 |  3.0
Polearms       | 2 4 6 7 8 10 11 12 | 12.8
Summonings     | 3 4 5 6 |  6.5
Air Magic      | 1 2 |  2.3
Armour         | 2 3 |  3.7
Poison Magic   | 2 3 |  3.5
Transmutations | 3 4 |  4.3
Conjurations   | 1 2 |  2.0
Shields        | 1 |  1.7

Action                     |  1- 3 |  4- 6 |  7- 9 | 10-12 | 13-15 | 16-18 || total
---------------------------+-------+-------+-------+-------+-------+-------++-------
  Melee: Unarmed           |    16 |    21 |       |       |       |       ||    37
         Punch             |     1 |       |     4 |    10 |     8 |       ||    23
         Falchion          |       |    18 |    26 |    22 |       |       ||    66
         Spear             |       |       |   193 |   438 |    95 |       ||   726
         Scimitar          |       |       |       |     4 |    23 |       ||    27
         Trident           |       |       |       |       |   643 |    97 ||   740
   Cast: Freeze            |    79 |    60 |    42 |    53 |    39 |     1 ||   274
         Frozen Ramparts   |       |     8 |    37 |    64 |   124 |    23 ||   256
         Summon Ice Beast  |       |       |    17 |    54 |    81 |    16 ||   168
         Ozocubu's Armour  |       |       |     5 |    25 |    32 |       ||    62
         Mephitic Cloud    |       |       |       |     9 |    17 |     3 ||    29
         Freezing Cloud    |       |       |       |       |    65 |    13 ||    78
    Use: Scroll            |       |     9 |     9 |    10 |     6 |     3 ||    37
         Potion            |       |       |     6 |     2 |     5 |       ||    13
   Stab: Sleeping          |       |       |     7 |     2 |     1 |       ||    10
         Distracted        |       |       |     1 |     2 |     5 |     1 ||     9
         Confused          |       |       |       |    10 |    13 |     5 ||    28
         Invisible         |       |       |       |     1 |       |       ||     1
 Armour: Robe              |    10 |    23 |    74 |   126 |     9 |       ||   242
         Skin              |       |       |    23 |       |       |       ||    23
         Troll leather arm |       |       |       |    84 |   204 |    64 ||   352
  Dodge: Dodged            |    36 |    66 |   152 |   333 |   598 |   158 ||  1343
  Block: Buckler           |       |       |       |       |    37 |    44 ||    81

Table legend: (Time is in decaauts)
 A = Elapsed time spent in this place.
 B = Non-inter-level travel time spent in this place.
 C = Inter-level travel time spent in this place.
 D = Time resting spent in this place.
 E = Time spent auto-exploring this place.
 F = Levels seen in this place.
 G = Mean time per level.
                   A        B        C        D        E       F      G
               +--------+--------+--------+--------+--------+-----+--------+
         Total |  26451 |  24449 |   2002 |   3249 |  15800 |  22 | 1202.3 |
       Dungeon |  13288 |  12178 |   1110 |   1605 |   8256 |  10 | 1328.8 |
        Temple |     28 |     23 |      5 |      0 |     10 |   1 |   28.0 |
          Lair |   6786 |   6199 |    587 |    643 |   3963 |   5 | 1357.2 |
   Spider Nest |   4040 |   3884 |    156 |    718 |   2312 |   3 | 1346.7 |
  Orcish Mines |   1801 |   1658 |    143 |    198 |    998 |   2 |  900.5 |
         Sewer |    504 |    504 |      0 |     85 |    260 |   1 |  504.0 |
               +--------+--------+--------+--------+--------+-----+--------+

Top non-repeatable levels by time:
Spider:1: 2253 daAuts
  Lair:5: 2006 daAuts
Spider:2: 1777 daAuts
  Lair:3: 1736 daAuts
    D:10: 1682 daAuts
     D:3: 1636 daAuts
     D:5: 1572 daAuts
     D:9: 1493 daAuts
     D:7: 1444 daAuts
     D:6: 1357 daAuts
   Orc:2: 1248 daAuts
     D:8: 1201 daAuts
  Lair:4: 1184 daAuts
  Lair:1: 1171 daAuts
     D:1: 1123 daAuts
